AoeStats
← iTony8

Golden Pit

508904551Analyzed
1v1 RM · 9d ago on Sep 24, 2026· 68m 57s· 2 players
Game mode
Random Map
Map size
Tiny (2 player)
Population
200
Speed
Normal
Resources
Standard
Victory
Conquest
Starting age
Dark Age
Ending age
Imperial Age
RankedLock teamsTeams togetherTeam positionsShared explorationLock speedFull tech treeHidden civsTurbo modeCheats
Victory
Defeat
🇵🇪 Vikings · Peru
879
+16
🇦🇷 Ethiopians · Argentina
880
-16
iTony8
10:54 Feudal Age
11:30 Double-Bit Axe
15:12 Loom
18:52 Stone Mining
21:32 Castle Age
20:15 Horse Collar
20:29 Gold Mining
22:00 Padded Archer Armor
21:51 Fletching
24:06 Bow Saw
26:48 Town Watch
30:10 Forging
30:01 Scale Mail Armor
32:16 Squires
34:51 Chain Mail Armor
35:14 Iron Casting
38:57 Chieftains
43:19 Imperial Age
44:49 Conscription
44:57 Conscription
44:15 Elite Varangian Guard
46:02 Gold Shaft Mining
45:52 Arson
49:08 Two-Man Saw
48:31 Leather Archer Armor
48:50 Plate Mail Armor
49:22 Blast Furnace
48:19 Bodkin Arrow
48:40 Leather Archer Armor
48:32 Heavy Plow
51:11 Ring Archer Armor
50:43 Bracer
51:32 Crop Rotation
52:05 Elite Skirmisher
59:50 Chemistry
67:11 Ballistics
67:05 Siege Engineers
67:32 Treadmill Crane
68:05 Masonry
68:34 Hoardings
68:02 Bogsveigar
kz79
9:27 Feudal Age
19:39 Castle Age
18:03 Double-Bit Axe
18:42 Padded Archer Armor
18:59 Horse Collar
19:53 Gold Mining
19:45 Crossbowman
22:04 Fletching
25:38 Thumb Ring
31:57 Heavy Plow
32:54 Stone Mining
36:06 Wheelbarrow
39:11 Imperial Age
39:59 Leather Archer Armor
39:40 Bodkin Arrow
44:37 Arbalester
53:11 Fortified Wall
52:56 Murder Holes
53:57 Elite Shotel Warrior
59:24 Gold Shaft Mining
59:16 Bow Saw
59:36 Guilds
Connection lost

Rejoining the realm…

Still unreachable

The connection could not be restored.

Session expired

The server has moved on; the page needs a fresh start.